 Dungeon Crawl Stone Soup version 0.28-a0-819-g6ef7baa362 (webtiles) character file.

Game seed: 11790973874559482034

8 Essalna the Firebug (level 2, 19/19 HPs)
             Began as a Demonspawn Fire Elementalist on Nov 8, 2021.
             Got out of the dungeon alive.
             The game lasted 00:00:43 (727 turns).

Essalna the Firebug (Demonspawn Fire Elementalist)   Turns: 727, Time: 00:00:44

Health: 19/19      AC:  2    Str:  8    XL:     2   Next: 0%
Magic:  3/5        EV: 12    Int: 16    God:
Gold:   25         SH:  0    Dex: 13    Spells: 4/5 levels left

rFire   . . .      SeeInvis .   (no weapon)
rCold   . . .      Faith    .   (no shield)
rNeg    . . .      Spirit   .   a - +0 robe
rPois   .          Reflect  .   (helmet restricted)
rElec   .          Harm     .   (no cloak)
rCorr   .          Rampage  .   (no gloves)
Will    .....                   (no boots)
Stlth   ++........              (no amulet)
HPRegen 0.06/turn               (no ring)
MPRegen 0.09/turn               (no ring)

@: no status effects
A: horns 1
a: no special abilities


You escaped.
You visited 1 branch of the dungeon, and saw 1 of its levels.

You collected 25 gold pieces.

Inventory:

Armour
 a - a +0 robe (worn)
Scrolls
 c - a scroll of fear {unknown}
 d - a scroll of acquirement {unknown}
Potions
 b - a potion of heal wounds {unknown}


   Skills:
 - Level 1.7 Dodging
 - Level 1.7 Stealth
 + Level 2.2 Spellcasting
 + Level 1.3 Conjurations
 + Level 2.9 Fire Magic


You had 4 spell levels left.
You knew the following spells:

 Your Spells              Type           Power      Damage    Failure   Level
a - Foxfire               Conj/Fire      32%        2x1d5     9%          1

Your spell library contained the following spells:

 Spells                   Type           Power      Damage    Failure   Level
 Scorch                   Fire           22%        2d6       10%         2
 Conjure Flame            Conj/Fire      8%         6-21      26%         3
 Inner Flame              Hex/Fire       6%         N/A       32%         3
 Flame Wave               Conj/Fire      8%         3d4       63%         4


Dungeon Overview and Level Annotations

Branches:
Dungeon (1/15)

Altars:


Innate Abilities, Weirdness & Mutations

You have a pair of small horns on your head.


Message History

You now have 25 gold pieces (gained 15).
Found a stone staircase leading down.
A rat comes into view.
A rat is nearby!
A rat is nearby!
You miscast Foxfire.
You are very lightly contaminated with residual magic.
Nothing appears to happen.
You conjure some foxfire!
You miscast Foxfire.
Nothing appears to happen.
You are too depleted to draw on your mana recklessly!
A rat is nearby!
A rat is nearby!
A rat is nearby!
The foxfire hits the rat.
You kill the rat!
Your foxfire dissipates!
No target in view!
Your magical contamination has completely faded away.
A giant cockroach comes into view.
You see here a lumpy black potion.
A giant cockroach is nearby!
A giant cockroach is nearby!
You conjure some foxfire!
You conjure some foxfire!
The foxfire hits the giant cockroach but does no damage.
The foxfire hits the giant cockroach.
The giant cockroach is almost dead.
You conjure some foxfire!
The foxfire hits the giant cockroach but does no damage.
The giant cockroach is almost dead.
The foxfire hits the giant cockroach.
You kill the giant cockroach!
You have reached level 2!
Your demonic ancestry asserts itself...
A pair of horns grows on your head!
Your foxfire dissipates! x2
There is an open door here.
There is a staircase leading out of the dungeon here.
Are you sure you want to leave the Dungeon?
This will make you lose the game!
You have escaped!

.##.#######......#.#.####.#.#.#
............######.#.####.#.#.###
.................................
###.........######.#.#....#.#.###
####...##.# #....###.#......
#...##.# ####..######.###
#...##.#########..######.#
#...##.##.....##..##..##)#
#...##.##..@..'...##..##.#
#...##.##.....##..##..##.#
#...##.#########...'..##.#
######.#########..##..##.#
#....^...........##..##.#
#..............⌠.##..##.###
#.....########...######....
#.....## #####...######'###
#......# #.............)...


There were no monsters in sight!

Vanquished Creatures
  A giant cockroach (D:1)
  A hobgoblin (D:1)
  A quokka (D:1)
  2 frilled lizards (D:1)
  2 kobolds (D:1)
  A rat (D:1)
8 creatures vanquished.

Vanquished Creatures (others)
  21 foxfires (D:1)
21 creatures vanquished.

Grand Total: 29 creatures vanquished

Notes
Turn   | Place    | Note
-------+----------+-------------------------------------------
     0 | D:1      | Essalna the Demonspawn Fire Elementalist began the quest
                  | for the Orb.
     0 | D:1      | Reached XP level 1. HP: 13/13 MP: 3/3
   688 | D:1      | Gained mutation: You have a pair of small horns on your
                  | head. [demonic ancestry]
   688 | D:1      | Reached XP level 2. HP: 19/19 MP: 0/5
   727 | D:$      | Got out of the dungeon alive.

Illustrated notes

Levels and vault maps discovered:
D:1:      dpeg_arrival_rooms_a, layout_basic, hellmonk_ecumenical_altar_blasted

Action                   || total
-------------------------++-------
Melee: Unarmed           ||    18
 Cast: Foxfire           ||    17
Armor: Robe              ||     2
Dodge: Dodged            ||    21

Table legend: (Time is in decaauts)
 A = Elapsed time spent in this place.
 B = Non-inter-level travel time spent in this place.
 C = Inter-level travel time spent in this place.
 D = Time resting spent in this place.
 E = Time spent auto-exploring this place.
 F = Levels seen in this place.
 G = Mean time per level.
                   A        B        C        D        E       F      G
               +--------+--------+--------+--------+--------+-----+--------+
         Total |    727 |    689 |     38 |      0 |    601 |   1 |  727.0 |
       Dungeon |    727 |    689 |     38 |      0 |    601 |   1 |  727.0 |
               +--------+--------+--------+--------+--------+-----+--------+

Top non-repeatable levels by time:
     D:1: 727 daAuts
